 Dungeon Crawl Stone Soup version 0.32-a0-485-g70f7560b1c (webtiles) character file.

Game seed: 12022721504005743275

1387 Thrassey the Shield-Bearer (level 8, -7/52 HPs)
             Began as a Demonspawn Alchemist on Feb 26, 2024.
             Was a Follower of Sif Muna.
             Killed from afar by a steam dragon (20 damage)
             ... with a ball of steam
             ... on level 7 of the Dungeon.
             The game lasted 00:13:25 (5328 turns).

Thrassey the Shield-Bearer (Demonspawn Alchemist)   Turns: 5328, Time: 00:13:26

Health: -7/52      AC:  4    Str:  8    XL:     8   Next: 40%
Magic:  21/25      EV: 12    Int: 17    God:    Sif Muna [*.....]
Gold:   349        SH:  8    Dex: 21    Spells: 7/18 levels left

rFire   . . .        t - +2 dagger (elec)
rCold   . . .        s - +2 buckler of the Centaur {^Drain rPois rCorr MP+9}
rNeg    . . .        a - +0 robe
rPois   +            (no helmet)
rElec   .            (no cloak)
rCorr   +            o - +0 pair of gloves
SInv    .            D - +0 pair of boots
Will    .....        h - amulet of faith
Stlth   ++           m - +6 ring of dexterity
HPRegen 0.28/turn    z - ring of flight
MPRegen 0.19/turn

%: faith
@: flying
A: ignite blood 1, sturdy frame 2, demonic magic 3, weakness stinger 1
a: Renounce Religion, Channel Magic


You were on level 7 of the Dungeon.
You worshipped Sif Muna.
Sif Muna was aware of your devotion.
You visited 2 branches of the dungeon, and saw 8 of its levels.

You collected 349 gold pieces.

Inventory:

Hand Weapons
 c - a +0 dagger
 n - a +2 short sword of flaming
 t - a +2 dagger of electrocution (weapon)
Missiles
 y - a throwing net
Armour
 a - a +0 robe (worn)
 o - a +0 pair of gloves (worn)
 s - the +2 buckler of the Centaur (worn) {^Drain rPois rCorr MP+9}
   (You found it on level 3 of the Dungeon)

   rPois:     It protects you from poison MP+9: It affects your magic capacity
   (+9).
   rCorr:     It protects you from acid and corrosion.
   ^Drain:    It drains your maximum health when unequipped.
 D - a +0 pair of boots (worn)
Magical Staves
 i - a staff of air
Jewellery
 h - an amulet of faith (around neck)
 m - a +6 ring of dexterity (left hand)
 q - an amulet of guardian spirit
 r - a ring of fire
 z - a ring of flight (right hand)
 B - a +6 ring of strength
Wands
 x - a wand of acid (5)
Scrolls
 f - a scroll of poison {unknown}
 g - a scroll of acquirement {unknown}
 j - 3 scrolls of fog {unknown}
 k - a scroll of enchant weapon {unknown}
 l - 4 scrolls of teleportation
 p - a scroll of summoning {unknown}
 v - 2 scrolls of fear {unknown}
 A - 3 scrolls of identify
Potions
 b - a potion of magic
 e - 3 potions of might
 u - 2 potions of curing {unknown}
 w - 2 potions of enlightenment {unknown}
 C - a potion of resistance {unknown}
 E - a potion of berserk rage {unknown}


   Skills:
 - Level 1.7 Dodging
 - Level 1.7 Stealth
 - Level 6.1 Shields
 * Level 5.5 Spellcasting
 - Level 1.0 Conjurations
 - Level 6.0 Alchemy


You had 7 spell levels left.
You knew the following spells:

 Your Spells              Type           Power      Damage    Failure   Level
a - Sting                 Conj/Alch      64%        1d7       4%          1
b - Mercury Vapours       Alch/Air       30%        N/A       9%          2
c - Olgreb's Toxic Radia  Alch           25%        N/A       16%         4
d - Sticky Flame          Fire/Alch      15%        2d5       50%         4

Your spell library contained the following spells:

 Spells                   Type           Power      Damage    Failure   Level
 Mephitic Cloud           Conj/Alch/Air  12%        N/A       22%         3
 Momentum Strike          Conj/Tloc      12%        3d8       24%         2
 Blink                    Tloc           8%         N/A       30%         2
 Lesser Beckoning         Tloc           8%         N/A       30%         2
 Sublimation of Blood     Necr           4%         N/A       30%         2
 Hailstorm                Conj/Ice       6%         3d5       43%         3
 Petrify                  Alch/Erth      15%        N/A       50%         4
 Call Canine Familiar     Summ           4%         N/A       52%         3
 Sigil of Binding         Hex            4%         N/A       52%         3
 Summon Ice Beast         Ice/Summ       4%         N/A       52%         3
 Irradiate                Conj/Alch      8%         3d14      77%         5
 Dimensional Bullseye     Hex/Tloc       2%         N/A       89%         4
 Sculpt Simulacrum        Ice/Alch       7%         N/A       100%        6


Dungeon Overview and Level Annotations

Branches:
Dungeon (6/15)             Temple (1/1) D:4

Altars:
Ashenzari
Cheibriados
Dithmenos
Gozag
Hepliaklqana
Kikubaaqudgha
Nemelex Xobeh
Sif Muna
Trog
Vehumet
Wu Jian
Xom
Yredelemnul

Shops:
D:6 *(


Innate Abilities, Weirdness & Mutations

Your demonic aura sometimes causes spilled blood to erupt in flames.
Your movements are less encumbered by armour. (ER -4)
Spells you cast and wands you use may paralyse nearby enemies.
You have a small tail.


Message History

You hear a shout!
You block the steam dragon's attack. x2
The sting hits the steam dragon.
The steam dragon looks even sicker.
The steam dragon is lightly wounded.
Malevolent energies surge around you.
You are engulfed in a cloud of scalding steam.
You block the steam dragon's attack. The steam dragon closely misses you.
An orc wizard comes into view. It is wielding a +0 dagger.
You hit the steam dragon.
The steam dragon is moderately wounded.
The steam dragon breathes steam at you. The ball of steam hits you!
The sting hits the steam dragon but does no damage.
The steam dragon looks as sick as possible!
The steam dragon is heavily wounded.
Malevolent energies surge around you.
You are engulfed in a cloud of scalding steam.
The orc wizard is engulfed in a cloud of scalding steam.
The steam dragon breathes steam at you. The ball of steam hits you!
* * * LOW HITPOINT WARNING * * *
Unknown command.
You feel much better.
You are engulfed in a cloud of scalding steam.
The orc wizard hits you with a +0 dagger.
The steam dragon bites you. You block the steam dragon's attack.
Unknown command.
Unknown command.
Unknown command.
The orc wizard casts a spell at you. The magic dart hits you!
* * * LOW HITPOINT WARNING * * *
Unknown command.
The orc is engulfed in a cloud of scalding steam.
The orc wizard is engulfed in a cloud of scalding steam.
The steam dragon breathes steam at you.
The ball of steam hits the orc!!
The orc dies!
The ball of steam hits you!!
You die...

## ###.# ### #...#
..### #....# ##...
.....# ## ##....
....# ###.#
#.....#...###...#
#@###.#....#.#.
##§o.#.....#.#.#.
#.#§D§.#....#...#..
#..>.)#...##... .
#....#.###.#...#...
#...###...#.#.#.#.#
#.###.#..?.#.#.#.#.#
## #.....#.#†#.#.#
#....#..)#...#.


You could see a steam dragon (very poisoned, catching breath) and an orc wizard.

Vanquished Creatures
  Prince Ribbit (D:5)
  Menkaure (D:7)
  A black bear (D:5)
  2 ice beasts
  An ogre (D:5)
  A centaur (D:3)
  A phantom (D:6)
  A scorpion (D:6)
  3 bombardier beetles
  A jelly (D:5)
  An orc priest (D:5)
  4 iguanas
  3 orc wizards
  5 adders
  A shadow imp (D:3)
  3 dart slugs
  A ribbon worm (D:2)
  14 orcs
  7 endoplasms
  2 giant cockroaches
  11 goblins
  6 hobgoblins
  9 kobolds
  5 quokkas
  6 ball pythons
  8 bats
  4 frilled lizards
  4 rats
107 creatures vanquished.

Vanquished Creatures (others)
  An orc (D:7)
1 creature vanquished.

Grand Total: 108 creatures vanquished

Notes
Turn   | Place    | Note
-------+----------+-------------------------------------------
     0 | D:1      | Thrassey the Demonspawn Alchemist began the quest for the
                  | Orb.
     0 | D:1      | Reached XP level 1. HP: 13/13 MP: 3/3
   185 | D:1      | Gained mutation: Spells you cast may paralyse adjacent
                  | enemies. [demonic ancestry]
   185 | D:1      | Reached XP level 2. HP: 14/19 MP: 1/5
   302 | D:1      | Learned a level 2 spell: Mercury Vapours
   958 | D:1      | Gained mutation: Spells you cast may paralyse nearby
                  | enemies. [demonic ancestry]
   958 | D:1      | Reached XP level 3. HP: 24/24 MP: 4/6
  1707 | D:2      | Gained mutation: Spells you cast and wands you use may
                  | paralyse nearby enemies. [demonic ancestry]
  1707 | D:2      | Reached XP level 4. HP: 26/30 MP: 2/7
  1852 | D:2      | Reached skill level 5 in Alchemy
  1909 | D:2      | Learned a level 4 spell: Olgreb's Toxic Radiance
  1976 | D:3      | Identified the +2 buckler of the Centaur {^Drain rPois
                  | rCorr MP+9}
  2535 | D:3      | Noticed a centaur
  2544 | D:3      | Killed a centaur
  2545 | D:3      | Gained mutation: Your demonic aura sometimes causes spilled
                  | blood to erupt in flames. [demonic ancestry]
  2545 | D:3      | Reached XP level 5. HP: 25/35 MP: 8/8
  2968 | D:4      | Reached skill level 1 in Shields
  3018 | D:4      | Found a staircase to the Ecumenical Temple.
  3024 | Temple   | Entered the Ecumenical Temple
  3056 | Temple   | Became a worshipper of Sif Muna the Loreminder
  3248 | D:4      | Gained mutation: Your movements are slightly less
                  | encumbered by armour. (ER -2) [demonic ancestry]
  3248 | D:4      | Reached XP level 6. HP: 27/41 MP: 9/9
  3681 | D:4      | Reached * piety under Sif Muna
  3761 | D:5      | Entered Level 5 of the Dungeon
  3977 | D:5      | Found a bloodstained altar of Trog.
  3987 | D:5      | Gained mutation: You have a small tail. [demonic ancestry]
  3987 | D:5      | Reached XP level 7. HP: 46/46 MP: 10/10
  4263 | D:5      | Noticed Prince Ribbit
  4268 | D:5      | Killed Prince Ribbit
  4269 | D:5      | Reached skill level 5 in Shields
  4693 | D:6      | Gained mutation: Your movements are less encumbered by
                  | armour. (ER -4) [demonic ancestry]
  4693 | D:6      | Reached XP level 8. HP: 52/52 MP: 13/13
  4727 | D:6      | Learned a level 4 spell: Sticky Flame
  4825 | D:6      | Found Tekkio Neqe's Evil Emporium.
  4851 | D:6      | Found Dicokhloph's Antique Weapon Emporium.
  4954 | D:6      | Found a sparkling altar of Nemelex Xobeh.
  5144 | D:6      | You are sucked into a shaft and drop 1 floor!
  5201 | D:7      | Noticed Menkaure
  5218 | D:7      | Killed Menkaure
  5219 | D:7      | Reached skill level 5 in Spellcasting
  5328 | D:7      | Killed from afar by a steam dragon

Illustrated notes

Levels and vault maps discovered:
D:1:      scummos_arrival_simple_fountains, layout_basic, st_stairs_7
D:2:      layout_rooms, due_unseen_surprise
D:3:      layout_loops_corners, grunt_ministairs_13, st_stairs_10,
          feat_on_display
D:4:      layout_loops_ring, minmay_temple_entry_gardened_gates
D:5:      layout_gridville, mainiacjoe_overflow_chevrons, uniq_prince_ribbit1
D:6:      layout_loops_cross, grunt_temple_overflow_diamond,
          minmay_misc_feat_enclosed, minivault_24, minmay_misc_feat_roman,
          nicolae_take_the_stairs, minivault_19, nicolae_evil_shop
D:7:      nicolae_BIG_FREAKIN_CUBE, layout_loops_ring, uniq_menkaure
Temple:   compressed_dpeg_triangle_lava_temple

Skill      XL: |  1  2  3  4  5  6  7  8 |
---------------+-------------------------+-----
Alchemy        | 4 6 |  6.0
Shields        | 2 4 6 |  6.1
Spellcasting   | 3 5 |  5.5
Dodging        | |  1.7
Stealth        | |  1.7
Conjurations   | |  1.0

Action                     |  1- 3 |  4- 6 |  7- 9 || total
---------------------------+-------+-------+-------++-------
  Melee: Dagger            |    27 |    44 |    31 ||   102
         Short sword       |     7 |     5 |       ||    12
         Tailslap          |       |       |     6 ||     6
   Cast: Sting             |    63 |    73 |    36 ||   172
         Olgreb's Toxic Ra |       |     2 |       ||     2
  Evoke: Wand              |       |       |     1 ||     1
    Use: Scroll            |       |       |     4 ||     4
         Potion            |       |       |     2 ||     2
   Stab: Paralysed         |    12 |    20 |    14 ||    46
 Armour: Robe              |    24 |    23 |    16 ||    63
  Dodge: Dodged            |    31 |    24 |    16 ||    71
  Block: Buckler           |       |    12 |     7 ||    19

Table legend: (Time is in decaauts)
 A = Elapsed time spent in this place.
 B = Non-inter-level travel time spent in this place.
 C = Inter-level travel time spent in this place.
 D = Time resting spent in this place.
 E = Time spent auto-exploring this place.
 F = Levels seen in this place.
 G = Mean time per level.
                   A        B        C        D        E       F      G
               +--------+--------+--------+--------+--------+-----+--------+
         Total |   5331 |   5173 |    158 |    407 |   3983 |   8 |  666.4 |
       Dungeon |   5293 |   5172 |    121 |    407 |   3983 |   7 |  756.1 |
        Temple |     38 |      1 |     37 |      0 |      0 |   1 |   38.0 |
               +--------+--------+--------+--------+--------+-----+--------+

Top non-repeatable levels by time:
     D:1: 1265 daAuts
     D:3: 1038 daAuts
     D:5: 881 daAuts
     D:4: 760 daAuts
     D:2: 660 daAuts
     D:6: 502 daAuts
     D:7: 184 daAuts
  Temple: 38 daAuts
